 Dungeon Crawl Stone Soup version 0.31.0-11-ge490571c62 (webtiles) character file.

Game seed: 12243678439798898742

9 ezpacito the Trooper (level 2, 24/24 HPs)
             Began as a Demonspawn Berserker on Feb 1, 2024.
             Was a Follower of Trog.
             Quit the game on level 1 of the Dungeon.
             The game lasted 00:00:29 (241 turns).

ezpacito the Trooper (Demonspawn Berserker)          Turns: 241, Time: 00:00:30

Health: 24/24      AC:  2    Str: 17    XL:     2   Next: 3%
Magic:  2/2        EV: 12    Int:  7    God:    Trog [*.....]
Gold:   2          SH:  0    Dex: 12    Spells: 1/1 levels left

rFire   . . .        a - +0 hand axe
rCold   . . .        (no shield)
rNeg    + . .        b - +0 animal skin
rPois   .            (helmet restricted)
rElec   .            (no cloak)
rCorr   .            (no gloves)
SInv    .            (no boots)
Will    .....        (no amulet)
Stlth   +            d - ring of positive energy
HPRegen 0.24/turn    (no ring)
MPRegen 0.08/turn

%: no passive effects
@: no status effects
A: antennae 1
a: Renounce Religion, Berserk


You were on level 1 of the Dungeon.
You worshipped Trog.
Trog was aware of your devotion.
You visited 1 branch of the dungeon, and saw 1 of its levels.

You collected 2 gold pieces.

Inventory:

Hand Weapons
 a - a +0 hand axe (weapon)
Armour
 b - a +0 animal skin (worn)
Jewellery
 d - a ring of positive energy (left hand)
Scrolls
 c - a scroll of identify {unknown}
 e - a scroll of silence {unknown}
 f - a scroll of fog {unknown}


   Skills:
 * Level 3.1 Fighting
 * Level 3.0 Axes
 * Level 1.7 Armour
 * Level 1.8 Dodging
 * Level 0.1 Stealth
 * Level 0.2 Unarmed Combat


You had one spell level left.
You didn't know any spells.
Your spell library was empty.

Dungeon Overview and Level Annotations

Branches:
Dungeon (1/15)

Altars:


Innate Abilities, Weirdness & Mutations

You have a pair of small antennae on your head.


Message History

You miss the bat. The bat hits you but does no damage. The rat bites you.
You closely miss the rat. The rat closely misses you.
You hit the rat.
You kill the rat!
Trog accepts your kill. The bat hits you. The bat misses you.
You slash the bat!
You kill the bat!
Trog accepts your kill.
No target in view!
No target in view!
No target in view!
No target in view!
No target in view!
No target in view!
No target in view!
No target in view!
No target in view!
No target in view!
You see here a rat corpse.
Found a stone staircase leading down.
e - a scroll labelled URAHEGG KALUO No target in view!
There is a stone staircase leading down here.
You open the door.
A kobold comes into view. It is wielding a +0 club.
Found a scroll labelled FEOFUG BALIYLO.
A kobold is nearby!
There is an open door here.
The kobold shouts!
The kobold hits you but does no damage.
You hit the kobold.
You kill the kobold!
Trog accepts your kill.
Your Axes skill increases to level 3!
You have reached level 2!
Your demonic ancestry asserts itself...
A pair of antennae grows on your head!
f - a scroll labelled FEOFUG BALIYLO Are you sure you want to abandon this character and quit the game? (Confirm with "yes".)

##### #...#
#...# #...#
####### #.).#
#.....#
#...######.###.#
+...'.>....#...#
#.@.##.#####.###
+...##.# #.†.#
######.# #.###
#.# #.# #.# #.#
#.# #.# #.# #.#
#.###.# #.....#


There were no monsters in sight!

Vanquished Creatures
  2 endoplasms (D:1)
  A kobold (D:1)
  A quokka (D:1)
  A ball python (D:1)
  A bat (D:1)
  A goblin (D:1)
  2 rats (D:1)
9 creatures vanquished.

Notes
Turn   | Place    | Note
-------+----------+-------------------------------------------
     0 | D:1      | ezpacito the Demonspawn Berserker began the quest for the
                  | Orb.
     0 | D:1      | Reached XP level 1. HP: 18/18 MP: 1/1
   238 | D:1      | Gained mutation: You have a pair of small antennae on your
                  | head. [demonic ancestry]
   238 | D:1      | Reached XP level 2. HP: 24/24 MP: 2/2
   241 | D:1      | Quit the game

Illustrated notes

Levels and vault maps discovered:
D:1:      co_arrival_random_square_maze, layout_basic

Skill      XL: |  1 |
---------------+----+-----
Axes           | 3 |  3.0
Fighting       | |  3.1
Armour         | |  1.7
Dodging        | |  1.8
Stealth        | |  0.1
Unarmed Combat | |  0.2

Action                     || total
---------------------------++-------
  Melee: Hand axe          ||    20
 Armour: Animal skin       ||    11
  Dodge: Dodged            ||    12
